Islanders vs Penguins

Created - 30 décembre 2019 at 11:09

Goals
1 2 3 T
Islanders 1 0 0 1
Penguins 1 1 0 2
Shots
1 2 3 T
Islanders 13 15 8 36
Penguins 10 8 17 35

1st period

1. Penguins , Markus Granlund 8 (Brent Burns 22, Joel Armia 6) at 13:54 (PP)
2. Islanders , Vladimir Tarasenko 14 (Mathew Dumba 9, Nicklas Backstrom 18) at 15:00

Penalties :
Radek Faksa (NYI) for Delaying the game (Minor) at 13:08, Cale Makar (PIT) for Roughing (Minor) at 19:04

2nd period

3. Penguins , Sam Bennett 6 (Mikkel Boedker 8, Cale Makar 4) at 5:47

Penalties :
Nicklas Backstrom (NYI) for Interference (Minor) at 6:18, Tyler Myers (PIT) for Slashing (Minor) at 12:24, Adam Lowry (PIT) for Holding (Minor) at 19:18

3rd period

No Goal

Penalties :
Radek Faksa (NYI) for Hooking (Minor) at 15:57, Jordie Benn (NYI) for Holding (Minor) at 19:00

Goalie Stats

Corey Crawford (NYI), 33 saves from 35 shots - (0,943), L, 12-9-6, 60:00 minutes
Tuukka Rask (PIT), 35 saves from 36 shots - (0,972), W, 11-13-3, 60:00 minutes

Players Stats for Islanders

Player Name              G  A  P  +/- PIM S  H  SB GA TA FO     MP     PP MP  PK MP  
------------------------------------------------------------------------------------
Alex Goligoski           0  0  0   0  0   1  5  0  0  1  0/0    22:58   2:05   2:43 
Brandon Saad             0  0  0   0  0   4  1  1  0  1  0/3    19:32   3:10   4:14 
Brendan Leipsic          0  0  0   0  0   1  1  0  0  1  0/0    11:30   0:00   0:24 
Chris Mueller            0  0  0   0  0   2  1  1  0  0  3/5    10:45   0:00   0:00 
Cole Schneider           0  0  0   0  0   1  0  0  1  1  0/0    10:45   0:00   0:00 
Drake Batherson          0  0  0   0  0   1  1  0  0  0  0/2    12:19   0:00   1:58 
Evan McEneny             0  0  0   0  0   0  0  0  0  0  0/0    15:04   0:00   0:00 
Jake Gardiner            0  0  0   0  0   0  0  1  0  2  0/0    19:36   2:05   0:00 
James Neal               0  0  0   0  0   0  0  0  0  0  2/3    11:57   0:00   1:36 
Jordie Benn              0  0  0   0  2   0  2  3  0  2  0/0    21:51   3:52   3:00 
Kyle Palmieri            0  0  0   0  0   3  0  0  1  1  0/0    15:19   3:10   0:00 
Mathew Dumba             0  1  1   0  0   2  0  0  1  1  0/0    17:33   0:00   1:44 
Nicklas Backstrom        0  1  1   0  2   3  1  1  0  1  8/11   13:36   0:00   0:00 
Radek Faksa              0  0  0   0  4   2  1  0  0  0  10/20  17:08   2:47   2:16 
Timo Meier               0  0  0   0  0   4  0  0  1  0  0/1    17:49   2:47   0:16 
Tyler Bozak              0  0  0   0  0   7  2  1  0  1  9/15   15:19   3:10   0:00 
Vladimir Tarasenko       1  0  1   0  0   4  2  1  4  0  1/1    18:21   2:47   0:42 
Will Butcher             0  0  0   0  0   1  0  1  0  0  0/0    22:51   3:52   3:59 

Players Stats for Penguins

Player Name              G  A  P  +/- PIM S  H  SB GA TA FO     MP     PP MP  PK MP  
------------------------------------------------------------------------------------
Adam Lowry               0  0  0   0  2   2  2  0  0  1  14/25  18:36   2:27   2:43 
Auston Matthews          0  0  0  -1  0   3  0  0  1  0  7/16   17:16   3:16   0:00 
Brent Burns              0  1  1   0  0   4  3  1  1  0  0/0    19:32   3:46   0:00 
Brian Boyle              0  0  0   1  0   3  1  0  0  0  2/4    12:46   0:00   1:18 
Cale Makar               0  1  1   1  2   2  2  3  1  1  0/0    21:37   3:46   2:30 
Dmitry Orlov             0  0  0  -1  0   0  1  0  0  3  0/0    20:33   1:57   1:28 
Joel Armia               0  1  1   0  0   0  0  2  0  0  0/1    16:20   2:27   0:49 
Marcus Foligno           0  0  0   0  0   0  1  0  0  0  0/0     8:50   0:00   0:00 
Markus Granlund          1  0  1  -1  0   2  1  2  1  0  1/4    17:12   2:27   0:49 
Mikael Granlund          0  0  0  -1  0   6  2  2  1  0  1/1    22:41   3:16   4:16 
Mikkel Boedker           0  1  1   1  0   0  0  0  0  0  0/0    11:08   0:00   0:00 
Miro Heiskanen           0  0  0   0  0   3  1  1  0  0  0/0    19:25   1:57   0:16 
Patric Hornqvist         0  0  0   0  0   4  0  0  5  0  1/1    16:33   3:16   0:00 
Reid Boucher             0  0  0   0  0   1  0  0  1  0  1/5    11:27   0:00   1:28 
Roman Polak              0  0  0  -1  0   1  2  6  0  0  0/0    21:12   0:00   4:13 
Sam Bennett              1  0  1   1  0   4  0  0  0  0  0/0    11:43   0:00   0:28 
Tim Schaller             0  0  0   0  0   0  1  0  1  0  1/4    11:03   0:00   1:08 
Tyler Myers              0  0  0   1  2   0  0  0  0  3  0/0    15:17   0:00   2:19 
Vladimir Sobotka         0  0  0   0  0   0  0  0  0  0  0/0     0:49   0:00   0:03 

3 Stars

1 - Tuukka Rask (PIT)
2 - Corey Crawford (NYI)
3 - Sam Bennett (PIT)

Power Play

Islanders - 0 on 3 Attempt(s) - 0,00%
Penguins - 1 on 4 Attempt(s) - 25,00%

Penalty Kill

Islanders - 3 on 4 Attempt(s) - 75,00% - Score 0 goal in Penalty Kill
Penguins - 3 on 3 Attempt(s) - 100,00% - Score 0 goal in Penalty Kill

Team Stat

Islanders - Hits : 17 - Faceoff Wins : 33 - Blocked Shots : 10 - Penalty Minutes : 8
Penguins - Hits : 17 - Faceoff Wins : 28 - Blocked Shots : 17 - Penalty Minutes : 6

Official

Referees : Dan O'Rourke and Chris Rooney
Linesman : Shane Heyer and Mike Cvik

Game Notes

No Game Note

Finance

Level 1 -- Attendance: 6000 (100,00%) -- Ticket Income 510 000 $
Level 2 -- Attendance: 4304 (86,08%) -- Ticket Income 258 240 $
Level 3 -- Attendance: 1712 (85,60%) -- Ticket Income 59 920 $
Level 4 -- Attendance: 3803 (95,08%) -- Ticket Income 76 060 $
Luxury Box -- Attendance: 957 (95,70%) -- Ticket Income 172 260 $
Game was played at the Consol Energy Center.
Total Attendance: 16776 (93,20%)
Total Ticket Income: 1 076 480 $
Other Income: 527 475 $
Total Income: 1 603 955 $

Islanders

5 vs 5 Forward 
   Center                   Left Wing                Right Wing               Time % Phy DF OF 
 1 Nicklas Backstrom        Timo Meier               Vladimir Tarasenko       35     0   2  3  
 2 Tyler Bozak              Brandon Saad             Kyle Palmieri            30     0   2  3  
 3 Radek Faksa              James Neal               Drake Batherson          20     1   2  2  
 4 Chris Mueller            Brendan Leipsic          Cole Schneider           15     1   3  1  

5 vs 5 Defense 
   Defense                  Defense                                           Time % Phy DF OF 
 1 Alex Goligoski           Mathew Dumba                                      35     0   3  2  
 2 Jordie Benn              Will Butcher                                      35     0   3  2  
 3 Jake Gardiner            Evan McEneny                                      30     0   3  2  
 4 Alex Goligoski           Mathew Dumba                                      0      0   3  2  

PowerPlay Forward 
   Center                   Left Wing                Right Wing               Time % Phy DF OF 
 1 Radek Faksa              Timo Meier               Vladimir Tarasenko       60     0   0  5  
 2 Tyler Bozak              Brandon Saad             Kyle Palmieri            40     0   0  5  

PowerPlay Defense
   Defense                  Defense                                           Time % Phy DF OF 
 1 Will Butcher             Jordie Benn                                       60     0   1  4  
 2 Jake Gardiner            Alex Goligoski                                    40     0   1  4  

Penalty Kill 4 Players Forward 
   Center                   Wing                     Time % Phy DF OF 
 1 Radek Faksa              Brandon Saad             60     0   5  0  
 2 Drake Batherson          Vladimir Tarasenko       40     0   5  0  

Penalty Kill 4 Players Defense
   Defense                  Defense                  Time % Phy DF OF 
 1 Jordie Benn              Will Butcher             55     0   5  0  
 2 Alex Goligoski           Mathew Dumba             45     0   5  0  

Penalty Kill - 3 Players Forward 
   Forward                                           Time % Phy DF OF 
 1 Radek Faksa                                       60     0   5  0  
 2 Drake Batherson                                   40     0   5  0  

Penalty Kill - 3 Players Defense
   Defense                  Defense                  Time % Phy DF OF 
 1 Jordie Benn              Will Butcher             60     0   5  0  
 2 Alex Goligoski           Mathew Dumba             40     0   5  0  

4 vs 4 Forward 
   Center                   Wing                     Time % Phy DF OF 
 1 Radek Faksa              Kyle Palmieri            60     1   2  2  
 2 Drake Batherson          James Neal               40     1   2  2  

4 vs 4 Defense
   Defense                  Defense                  Time % Phy DF OF 
 1 Alex Goligoski           Mathew Dumba             60     1   2  2  
 2 Jordie Benn              Will Butcher             40     1   2  2  

Last Minutes Offensive
   Center                   Left Wing                Right Wing               Defense                  Defense                  
   Nicklas Backstrom        Timo Meier               Vladimir Tarasenko       Alex Goligoski           Mathew Dumba             

Last Minutes Defensive
   Center                   Left Wing                Right Wing               Defense                  Defense                  
   Radek Faksa              Drake Batherson          Brandon Saad             Jordie Benn              Will Butcher             

Goaltenders
Starting : Corey Crawford           
Backup : Alex Stalock             

Extra Forwards
Normal : Radek Faksa, Chris Mueller, Brandon Saad - PP : Radek Faksa, Kyle Palmieri - PK : James Neal
Extra Defensemen
Normal : Jake Gardiner, Alex Goligoski, Jordie Benn - PP : Jake Gardiner - PK : Alex Goligoski, Jordie Benn
Penalty Shots
Radek Faksa, Vladimir Tarasenko, Timo Meier, Brandon Saad, Tyler Bozak
Custom OT Lines Forwards
Nicklas Backstrom, Vladimir Tarasenko, Timo Meier, Brandon Saad, Tyler Bozak, Radek Faksa, Drake Batherson, Kyle Palmieri, James Neal, Cole Schneider
Custom OT Lines Defensemen
Alex Goligoski, Mathew Dumba, Jordie Benn, Will Butcher, Jake Gardiner

Scratches
Ryan Murray (Separated Left Shoulder Injury), Evan Rodrigues (Healthy), Justin Schultz (Healthy)

Penguins

5 vs 5 Forward 
   Center                   Left Wing                Right Wing               Time % Phy DF OF 
 1 Auston Matthews          Mikael Granlund          Markus Granlund          35     0   1  3  
 2 Adam Lowry               Patric Hornqvist         Joel Armia               30     1   2  2  
 3 Brian Boyle              Sam Bennett              Mikkel Boedker           20     1   2  2  
 4 Tim Schaller             Marcus Foligno           Reid Boucher             15     1   2  2  

5 vs 5 Defense 
   Defense                  Defense                                           Time % Phy DF OF 
 1 Brent Burns              Miro Heiskanen                                    36     0   3  2  
 2 Roman Polak              Dmitry Orlov                                      34     0   3  2  
 3 Cale Makar               Tyler Myers                                       30     0   3  2  
 4 Miro Heiskanen           Brent Burns                                       0      1   2  2  

PowerPlay Forward 
   Center                   Left Wing                Right Wing               Time % Phy DF OF 
 1 Auston Matthews          Mikael Granlund          Patric Hornqvist         60     1   2  2  
 2 Markus Granlund          Adam Lowry               Joel Armia               40     1   2  2  

PowerPlay Defense
   Defense                  Defense                                           Time % Phy DF OF 
 1 Brent Burns              Cale Makar                                        60     1   2  2  
 2 Miro Heiskanen           Dmitry Orlov                                      40     1   2  2  

Penalty Kill 4 Players Forward 
   Center                   Wing                     Time % Phy DF OF 
 1 Adam Lowry               Mikael Granlund          60     1   2  2  
 2 Markus Granlund          Joel Armia               40     1   2  2  

Penalty Kill 4 Players Defense
   Defense                  Defense                  Time % Phy DF OF 
 1 Roman Polak              Cale Makar               60     1   2  2  
 2 Tyler Myers              Dmitry Orlov             40     1   2  2  

Penalty Kill - 3 Players Forward 
   Forward                                           Time % Phy DF OF 
 1 Adam Lowry                                        60     1   2  2  
 2 Brian Boyle                                       40     1   2  2  

Penalty Kill - 3 Players Defense
   Defense                  Defense                  Time % Phy DF OF 
 1 Tyler Myers              Brian Boyle              60     1   2  2  
 2 Roman Polak              Dmitry Orlov             40     1   2  2  

4 vs 4 Forward 
   Center                   Wing                     Time % Phy DF OF 
 1 Auston Matthews          Mikael Granlund          60     1   2  2  
 2 Adam Lowry               Patric Hornqvist         40     1   2  2  

4 vs 4 Defense
   Defense                  Defense                  Time % Phy DF OF 
 1 Brent Burns              Brian Boyle              60     1   2  2  
 2 Roman Polak              Dmitry Orlov             40     1   2  2  

Last Minutes Offensive
   Center                   Left Wing                Right Wing               Defense                  Defense                  
   Auston Matthews          Mikael Granlund          Patric Hornqvist         Brent Burns              Cale Makar               

Last Minutes Defensive
   Center                   Left Wing                Right Wing               Defense                  Defense                  
   Adam Lowry               Brian Boyle              Markus Granlund          Roman Polak              Tyler Myers              

Goaltenders
Starting : Tuukka Rask              
Backup : Jack Campbell            

Extra Forwards
Normal : Vladimir Sobotka, Mikkel Boedker, Reid Boucher - PP : Vladimir Sobotka, Mikkel Boedker - PK : Reid Boucher
Extra Defensemen
Normal : Cale Makar, Tyler Myers, Tim Schaller - PP : Cale Makar - PK : Tyler Myers, Tim Schaller
Penalty Shots
Brent Burns, Auston Matthews, Reid Boucher, Mikael Granlund, Patric Hornqvist
Custom OT Lines Forwards
Auston Matthews, Patric Hornqvist, Markus Granlund, Mikael Granlund, Sam Bennett, Joel Armia, Adam Lowry, Marcus Foligno, Tim Schaller, Mikkel Boedker
Custom OT Lines Defensemen
Brent Burns, Brian Boyle, Cale Makar, Dmitry Orlov, Miro Heiskanen

Scratches
Niklas Kronwall (Healthy)

% Time on Ice - Islanders

Lines # - Real PCT - Wanted PCT - Time Play
Normal Forward
1 - 31% - 35% - 14:52
2 - 25% - 30% - 12:09
3 - 22% - 20% - 10:21
4 - 22% - 15% - 10:45
Normal Defense
1 - 32% - 35% - 15:20
2 - 36% - 35% - 17:11
3 - 32% - 30% - 15:10
4 - 1% - 0% - 0:26
PP Forward
1 - 47% - 60% - 2:47
2 - 53% - 40% - 3:10
PP Defense
1 - 65% - 60% - 3:52
2 - 35% - 40% - 2:05
PK Forward
1 - 88% - 60% - 5:01
2 - 12% - 40% - 0:42
PK Defense
1 - 70% - 55% - 3:59
2 - 30% - 45% - 1:44
PK3 Forward
1 - 0% - 60%
2 - 0% - 40%
PK3 Defense
1 - 0% - 60%
2 - 0% - 40%
44 Forward
1 - 0% - 60%
2 - 0% - 40%
44 Defense
1 - 0% - 60%
2 - 0% - 40%
Last Minute Offensive  - 0:13
Last Minute Defensive  - 0:00
Total
Forward - 60:00
Defense - 60:00

% Time on Ice - Penguins

Lines # - Real PCT - Wanted PCT - Time Play
Normal Forward
1 - 31% - 35% - 15:09
2 - 27% - 30% - 13:04
3 - 23% - 20% - 11:08
4 - 18% - 15% - 8:50
Normal Defense
1 - 37% - 36% - 17:36
2 - 35% - 34% - 16:59
3 - 28% - 30% - 13:36
4 - 0% - 0% - 0:00
PP Forward
1 - 57% - 60% - 3:16
2 - 43% - 40% - 2:27
PP Defense
1 - 66% - 60% - 3:46
2 - 34% - 40% - 1:57
PK Forward
1 - 86% - 60% - 5:08
2 - 14% - 40% - 0:49
PK Defense
1 - 75% - 60% - 4:29
2 - 25% - 40% - 1:28
PK3 Forward
1 - 0% - 60%
2 - 0% - 40%
PK3 Defense
1 - 0% - 60%
2 - 0% - 40%
44 Forward
1 - 0% - 60%
2 - 0% - 40%
44 Defense
1 - 0% - 60%
2 - 0% - 40%
Last Minute Offensive  - 0:00
Last Minute Defensive  - 0:09
Total
Forward - 60:00
Defense - 60:00

Play-by-Play

1st period


0:01 of 1st period - Nicklas Backstrom wins face-off versus Auston Matthews in neutral zone.
0:52 of 1st period - Snap shot by Drake Batherson.
0:52 of 1st period - Shot Blocked by Roman Polak.
0:54 of 1st period - Snap shot by Radek Faksa.
0:54 of 1st period - Shot Misses the Net.
0:58 of 1st period - Snap shot by Mathew Dumba.
0:58 of 1st period - Stopped by Tuukka Rask without a rebound.
0:59 of 1st period - Chris Mueller wins face-off versus Tim Schaller in Penguins zone.
1:08 of 1st period - Snap shot by Reid Boucher.
1:08 of 1st period - Stopped by Corey Crawford without a rebound.
1:09 of 1st period - Chris Mueller wins face-off versus Tim Schaller in Islanders zone.
1:40 of 1st period - Slapshot by Cale Makar.
1:40 of 1st period - Deflect By Reid Boucher.
1:40 of 1st period - Shot Blocked by Jordie Benn.
1:40 of 1st period - Puck is out of play.
1:41 of 1st period - Nicklas Backstrom wins face-off versus Auston Matthews in Islanders zone.
2:08 of 1st period - Brandon Saad is hit by Roman Polak and loses puck.
2:19 of 1st period - Snap shot by Brent Burns.
2:19 of 1st period - Shot Blocked by Tyler Bozak.
2:21 of 1st period - Slapshot by Brent Burns.
2:21 of 1st period - Deflect By Kyle Palmieri.
2:21 of 1st period - Stopped by Corey Crawford with a rebound.
2:35 of 1st period - Wrist shot by Brian Boyle.
2:35 of 1st period - Stopped by Corey Crawford with a rebound.
3:30 of 1st period - Off-side.
3:31 of 1st period - Adam Lowry wins face-off versus Tyler Bozak in neutral zone.
4:00 of 1st period - Snap shot by Mikael Granlund.
4:00 of 1st period - Stopped by Corey Crawford without a rebound.
4:01 of 1st period - Nicklas Backstrom wins face-off versus Markus Granlund in Islanders zone.
4:11 of 1st period - Off-side.
4:12 of 1st period - Brian Boyle wins face-off versus Drake Batherson in neutral zone.
4:15 of 1st period - Drake Batherson is hit by Brent Burns.
4:39 of 1st period - Adam Lowry is hit by Jordie Benn and loses puck.
5:41 of 1st period - Off-side.
5:42 of 1st period - James Neal wins face-off versus Brian Boyle in neutral zone.
6:17 of 1st period - Tyler Myers is hit by Radek Faksa and loses puck.
6:33 of 1st period - Slapshot by Mathew Dumba.
6:33 of 1st period - Deflect By Drake Batherson.
6:33 of 1st period - Shot Misses the Net.
6:33 of 1st period - Puck is out of play.
6:34 of 1st period - Vladimir Tarasenko wins face-off versus Adam Lowry in Penguins zone.
7:18 of 1st period - Snap shot by Kyle Palmieri.
7:18 of 1st period - Shot Misses the Net.
7:24 of 1st period - Cole Schneider is hit by Roman Polak and loses puck.
7:53 of 1st period - Brandon Saad is hit by Miro Heiskanen and loses puck.
9:09 of 1st period - Wrist shot by Brandon Saad.
9:09 of 1st period - Shot Blocked by Cale Makar.
9:11 of 1st period - Snap shot by Brandon Saad.
9:11 of 1st period - Stopped by Tuukka Rask without a rebound.
9:12 of 1st period - Tyler Bozak wins face-off versus Adam Lowry in Penguins zone.
9:37 of 1st period - Markus Granlund is hit by Nicklas Backstrom and loses puck.
10:41 of 1st period - Icing by Roman Polak.
10:42 of 1st period - Tyler Bozak wins face-off versus Reid Boucher in Penguins zone.
11:38 of 1st period - Wrist shot by Mathew Dumba.
11:38 of 1st period - Shot Misses the Net.
11:40 of 1st period - Snap shot by Mathew Dumba.
11:40 of 1st period - Shot Blocked by Joel Armia.
11:56 of 1st period - Wrist shot by Mikkel Boedker.
11:56 of 1st period - Deflect By Brian Boyle.
11:56 of 1st period - Stopped by Corey Crawford without a rebound.
11:57 of 1st period - Nicklas Backstrom wins face-off versus Brian Boyle in Islanders zone.
12:02 of 1st period - Slapshot by Nicklas Backstrom.
12:02 of 1st period - Stopped by Tuukka Rask with a rebound.
12:26 of 1st period - Cale Makar is hit by Vladimir Tarasenko and loses puck.
12:35 of 1st period - Wrist shot by Brian Boyle.
12:35 of 1st period - Deflect By Sam Bennett.
12:35 of 1st period - Stopped by Corey Crawford without a rebound.
12:36 of 1st period - Auston Matthews wins face-off versus Brandon Saad in Islanders zone.
12:49 of 1st period - Wrist shot by Tyler Bozak.
12:49 of 1st period - Shot Blocked by Brent Burns.
12:51 of 1st period - Wrist shot by Jordie Benn.
12:51 of 1st period - Deflect By Kyle Palmieri.
12:51 of 1st period - Deflect By Markus Granlund.
12:51 of 1st period - Shot Misses the Net.
12:51 of 1st period - Puck is out of play.
12:52 of 1st period - Radek Faksa wins face-off versus Adam Lowry in Penguins zone.
13:08 of 1st period - Minor Penalty to Radek Faksa for Delaying the game.
13:09 of 1st period - Auston Matthews wins face-off versus James Neal in Islanders zone.
13:09 of 1st period - Snap shot by Patric Hornqvist.
13:09 of 1st period - Shot Misses the Net.
13:11 of 1st period - Snap shot by Auston Matthews.
13:11 of 1st period - Shot Misses the Net.
13:13 of 1st period - Slapshot by Brent Burns.
13:13 of 1st period - Shot Misses the Net.
13:15 of 1st period - Snap shot by Mikael Granlund.
13:15 of 1st period - Stopped by Corey Crawford with a rebound.
13:17 of 1st period - Snap shot by Patric Hornqvist.
13:17 of 1st period - Shot Blocked by Brandon Saad.
13:19 of 1st period - Snap shot by Brent Burns.
13:19 of 1st period - Shot Blocked by Will Butcher.
13:21 of 1st period - Snap shot by Mikael Granlund.
13:21 of 1st period - Stopped by Corey Crawford with a rebound.
13:52 of 1st period - Slapshot by Brent Burns.
13:52 of 1st period - Deflect By Markus Granlund.
13:52 of 1st period - Stopped by Corey Crawford with a rebound.
13:54 of 1st period - Slapshot by Brent Burns.
13:54 of 1st period - Deflect By Markus Granlund.
13:54 of 1st period - Goal by Markus Granlund - Islanders : 0 - Penguins : 1.
13:55 of 1st period - Nicklas Backstrom wins face-off versus Auston Matthews in neutral zone.
14:00 of 1st period - Snap shot by Vladimir Tarasenko.
14:00 of 1st period - Shot Misses the Net.
14:02 of 1st period - Snap shot by Timo Meier.
14:02 of 1st period - Stopped by Tuukka Rask without a rebound.
14:03 of 1st period - Auston Matthews wins face-off versus Nicklas Backstrom in Penguins zone.
14:52 of 1st period - Wrist shot by Vladimir Tarasenko.
14:52 of 1st period - Shot Blocked by Roman Polak.
14:54 of 1st period - Snap shot by Mathew Dumba.
14:54 of 1st period - Shot Blocked by Mikael Granlund.
14:56 of 1st period - Slapshot by Mathew Dumba.
14:56 of 1st period - Shot Misses the Net.
14:58 of 1st period - Snap shot by Mathew Dumba.
14:58 of 1st period - Shot Blocked by Roman Polak.
15:00 of 1st period - Wrist shot by Vladimir Tarasenko.
15:00 of 1st period - Goal by Vladimir Tarasenko - Islanders : 1 - Penguins : 1.
15:01 of 1st period - Tyler Bozak wins face-off versus Adam Lowry in neutral zone.
15:11 of 1st period - Slapshot by Tyler Bozak.
15:11 of 1st period - Stopped by Tuukka Rask without a rebound.
15:12 of 1st period - Tyler Bozak wins face-off versus Adam Lowry in Penguins zone.
15:13 of 1st period - Snap shot by Kyle Palmieri.
15:13 of 1st period - Stopped by Tuukka Rask with a rebound.
15:15 of 1st period - Slapshot by Brandon Saad.
15:15 of 1st period - Stopped by Tuukka Rask with a rebound.
15:17 of 1st period - Wrist shot by Will Butcher.
15:17 of 1st period - Deflect By Brent Burns.
15:17 of 1st period - Stopped by Tuukka Rask with a rebound.
15:19 of 1st period - Slapshot by Jordie Benn.
15:19 of 1st period - Shot Blocked by Joel Armia.
15:21 of 1st period - Wrist shot by Tyler Bozak.
15:21 of 1st period - Stopped by Tuukka Rask without a rebound.
15:22 of 1st period - Tyler Bozak wins face-off versus Adam Lowry in Penguins zone.
15:25 of 1st period - Slapshot by Tyler Bozak.
15:25 of 1st period - Stopped by Tuukka Rask without a rebound.
15:26 of 1st period - Tyler Bozak wins face-off versus Adam Lowry in Penguins zone.
15:27 of 1st period - Snap shot by Kyle Palmieri.
15:27 of 1st period - Shot Misses the Net.
15:29 of 1st period - Wrist shot by Kyle Palmieri.
15:29 of 1st period - Deflect By Brent Burns.
15:29 of 1st period - Shot Misses the Net.
15:29 of 1st period - Puck is out of play.
15:30 of 1st period - Adam Lowry wins face-off versus Brandon Saad in Penguins zone.
16:13 of 1st period - Nicklas Backstrom is hit by Brent Burns and loses puck.
17:54 of 1st period - Slapshot by Mathew Dumba.
17:54 of 1st period - Shot Blocked by Roman Polak.
17:56 of 1st period - Slapshot by Alex Goligoski.
17:56 of 1st period - Shot Misses the Net.
18:06 of 1st period - Wrist shot by Chris Mueller.
18:06 of 1st period - Stopped by Tuukka Rask with a rebound.
18:08 of 1st period - Slapshot by Mathew Dumba.
18:08 of 1st period - Deflect By Dmitry Orlov.
18:08 of 1st period - Stopped by Tuukka Rask with a rebound.
18:21 of 1st period - Mathew Dumba is hit by Mikael Granlund.
18:35 of 1st period - Joel Armia is hit by Alex Goligoski and loses puck.
18:42 of 1st period - Tyler Bozak is hit by Adam Lowry.
18:56 of 1st period - Nicklas Backstrom is hit by Cale Makar and loses puck.
19:04 of 1st period - Minor Penalty to Cale Makar for Roughing.
19:05 of 1st period - Radek Faksa wins face-off versus Adam Lowry in Penguins zone.
19:44 of 1st period - Snap shot by Tyler Bozak.
19:44 of 1st period - Shot Misses the Net.
Goals for this period are 1 for Islanders vs 1 for Penguins.
Shots for this period are 13 for Islanders vs 10 for Penguins.

2nd period


0:01 of 2nd period - Adam Lowry wins face-off versus Timo Meier in neutral zone.
0:32 of 2nd period - Wrist shot by Kyle Palmieri.
0:32 of 2nd period - Shot Misses the Net.
0:54 of 2nd period - Tim Schaller is hit by Alex Goligoski and loses puck.
1:04 of 2nd period - Penalty to Cale Makar is over, Cale Makar is back on ice.
1:11 of 2nd period - Miro Heiskanen is hit by Alex Goligoski and loses puck.
1:20 of 2nd period - Snap shot by Timo Meier.
1:20 of 2nd period - Shot Blocked by Cale Makar.
1:36 of 2nd period - Wrist shot by Timo Meier.
1:36 of 2nd period - Shot Blocked by Miro Heiskanen.
1:38 of 2nd period - Slapshot by Alex Goligoski.
1:38 of 2nd period - Stopped by Tuukka Rask with a rebound.
1:56 of 2nd period - Snap shot by Vladimir Tarasenko.
1:56 of 2nd period - Shot Blocked by Mikael Granlund.
1:58 of 2nd period - Snap shot by Vladimir Tarasenko.
1:58 of 2nd period - Stopped by Tuukka Rask without a rebound.
1:59 of 2nd period - Tyler Bozak wins face-off versus Adam Lowry in Penguins zone.
2:12 of 2nd period - Wrist shot by Brandon Saad.
2:12 of 2nd period - Stopped by Tuukka Rask without a rebound.
2:13 of 2nd period - Adam Lowry wins face-off versus Tyler Bozak in Penguins zone.
4:01 of 2nd period - Vladimir Tarasenko is hit by Marcus Foligno and loses puck.
5:07 of 2nd period - Radek Faksa is hit by Cale Makar and loses puck.
5:27 of 2nd period - Snap shot by Brendan Leipsic.
5:27 of 2nd period - Stopped by Tuukka Rask with a rebound.
5:47 of 2nd period - Snap shot by Sam Bennett.
5:47 of 2nd period - Goal by Sam Bennett - Islanders : 1 - Penguins : 2.
5:48 of 2nd period - Auston Matthews wins face-off versus Tyler Bozak in neutral zone.
6:03 of 2nd period - Roman Polak is hit by Brandon Saad and loses puck.
6:18 of 2nd period - Minor Penalty to Nicklas Backstrom for Interference.
6:19 of 2nd period - Auston Matthews wins face-off versus Radek Faksa in Islanders zone.
6:27 of 2nd period - Slapshot by Mikael Granlund.
6:27 of 2nd period - Stopped by Corey Crawford with a rebound.
6:29 of 2nd period - Snap shot by Mikael Granlund.
6:29 of 2nd period - Deflect By Patric Hornqvist.
6:29 of 2nd period - Shot Misses the Net.
6:29 of 2nd period - Puck is out of play.
6:30 of 2nd period - Radek Faksa wins face-off versus Auston Matthews in Islanders zone.
6:37 of 2nd period - Wrist shot by Auston Matthews.
6:37 of 2nd period - Stopped by Corey Crawford with a rebound.
6:39 of 2nd period - Snap shot by Mikael Granlund.
6:39 of 2nd period - Shot Misses the Net.
6:41 of 2nd period - Slapshot by Cale Makar.
6:41 of 2nd period - Stopped by Corey Crawford without a rebound.
6:42 of 2nd period - Patric Hornqvist wins face-off versus Radek Faksa in Islanders zone.
6:49 of 2nd period - Snap shot by Patric Hornqvist.
6:49 of 2nd period - Shot Blocked by Jordie Benn.
6:51 of 2nd period - Slapshot by Mikael Granlund.
6:51 of 2nd period - Stopped by Corey Crawford without a rebound.
6:52 of 2nd period - Radek Faksa wins face-off versus Auston Matthews in Islanders zone.
7:16 of 2nd period - Off-side.
7:17 of 2nd period - Radek Faksa wins face-off versus Markus Granlund in neutral zone.
7:22 of 2nd period - Snap shot by Brandon Saad.
7:22 of 2nd period - Shot Misses the Net.
7:43 of 2nd period - Adam Lowry is hit by Vladimir Tarasenko and loses puck.
8:12 of 2nd period - Slapshot by Joel Armia.
8:12 of 2nd period - Deflect By Markus Granlund.
8:12 of 2nd period - Shot Misses the Net.
8:12 of 2nd period - Puck is out of play.
8:13 of 2nd period - Auston Matthews wins face-off versus Radek Faksa in Islanders zone.
8:16 of 2nd period - Wrist shot by Auston Matthews.
8:16 of 2nd period - Shot Misses the Net.
8:18 of 2nd period - Penalty to Nicklas Backstrom is over, Nicklas Backstrom is back on ice.
8:43 of 2nd period - Slapshot by Mathew Dumba.
8:43 of 2nd period - Shot Misses the Net.
9:43 of 2nd period - Wrist shot by Cole Schneider.
9:43 of 2nd period - Stopped by Tuukka Rask without a rebound.
9:44 of 2nd period - Adam Lowry wins face-off versus Chris Mueller in Penguins zone.
10:38 of 2nd period - Slapshot by Brent Burns.
10:38 of 2nd period - Deflect By Sam Bennett.
10:38 of 2nd period - Stopped by Corey Crawford with a rebound.
10:48 of 2nd period - Reid Boucher is hit by Drake Batherson and loses puck.
11:01 of 2nd period - Slapshot by Will Butcher.
11:01 of 2nd period - Shot Blocked by Roman Polak.
11:19 of 2nd period - Adam Lowry is hit by Brendan Leipsic and loses puck.
11:30 of 2nd period - Vladimir Tarasenko is hit by Mikael Granlund and loses puck.
11:35 of 2nd period - Snap shot by Auston Matthews.
11:35 of 2nd period - Shot Misses the Net.
11:41 of 2nd period - Snap shot by Nicklas Backstrom.
11:41 of 2nd period - Stopped by Tuukka Rask with a rebound.
12:22 of 2nd period - Snap shot by Drake Batherson.
12:22 of 2nd period - Shot Misses the Net.
12:24 of 2nd period - Minor Penalty to Tyler Myers for Slashing.
12:25 of 2nd period - Adam Lowry wins face-off versus Radek Faksa in Penguins zone.
12:38 of 2nd period - Snap shot by Timo Meier.
12:38 of 2nd period - Stopped by Tuukka Rask with a rebound.
12:40 of 2nd period - Wrist shot by Timo Meier.
12:40 of 2nd period - Stopped by Tuukka Rask without a rebound.
12:41 of 2nd period - Radek Faksa wins face-off versus Adam Lowry in Penguins zone.
12:48 of 2nd period - Wrist shot by Timo Meier.
12:48 of 2nd period - Shot Misses the Net.
13:08 of 2nd period - Adam Lowry is hit by Tyler Bozak and loses puck.
13:35 of 2nd period - Tim Schaller is hit by Alex Goligoski and loses puck.
14:18 of 2nd period - Slapshot by Kyle Palmieri.
14:18 of 2nd period - Shot Blocked by Markus Granlund.
14:20 of 2nd period - Snap shot by Brandon Saad.
14:20 of 2nd period - Stopped by Tuukka Rask without a rebound.
14:21 of 2nd period - Markus Granlund wins face-off versus Radek Faksa in Penguins zone.
14:24 of 2nd period - Penalty to Tyler Myers is over, Tyler Myers is back on ice.
15:10 of 2nd period - Slapshot by Drake Batherson.
15:10 of 2nd period - Shot Misses the Net.
15:41 of 2nd period - Slapshot by Brent Burns.
15:41 of 2nd period - Shot Blocked by Chris Mueller.
15:43 of 2nd period - Slapshot by Miro Heiskanen.
15:43 of 2nd period - Stopped by Corey Crawford without a rebound.
15:44 of 2nd period - Chris Mueller wins face-off versus Tim Schaller in Islanders zone.
15:44 of 2nd period - Chris Mueller is hit by Tim Schaller.
16:15 of 2nd period - Snap shot by Nicklas Backstrom.
16:15 of 2nd period - Stopped by Tuukka Rask with a rebound.
16:17 of 2nd period - Snap shot by Timo Meier.
16:17 of 2nd period - Shot Misses the Net.
17:25 of 2nd period - Jordie Benn is hit by Adam Lowry and loses puck.
17:44 of 2nd period - Slapshot by Vladimir Tarasenko.
17:44 of 2nd period - Shot Misses the Net.
17:46 of 2nd period - Slapshot by Nicklas Backstrom.
17:46 of 2nd period - Shot Misses the Net.
17:48 of 2nd period - Snap shot by Timo Meier.
17:48 of 2nd period - Shot Misses the Net.
18:06 of 2nd period - Alex Goligoski is hit by Brian Boyle and loses puck.
18:45 of 2nd period - Slapshot by Radek Faksa.
18:45 of 2nd period - Shot Misses the Net.
18:53 of 2nd period - Slapshot by Brent Burns.
18:53 of 2nd period - Shot Misses the Net.
18:55 of 2nd period - Snap shot by Sam Bennett.
18:55 of 2nd period - Stopped by Corey Crawford without a rebound.
18:56 of 2nd period - Adam Lowry wins face-off versus Brandon Saad in Islanders zone.
19:07 of 2nd period - Slapshot by Kyle Palmieri.
19:07 of 2nd period - Stopped by Tuukka Rask without a rebound.
19:08 of 2nd period - Adam Lowry wins face-off versus Tyler Bozak in Penguins zone.
19:18 of 2nd period - Minor Penalty to Adam Lowry for Holding.
19:19 of 2nd period - Radek Faksa wins face-off versus Reid Boucher in Penguins zone.
19:45 of 2nd period - Wrist shot by Tyler Bozak.
19:45 of 2nd period - Stopped by Tuukka Rask with a rebound.
19:47 of 2nd period - Slapshot by Jake Gardiner.
19:47 of 2nd period - Shot Blocked by Cale Makar.
19:49 of 2nd period - Snap shot by Tyler Bozak.
19:49 of 2nd period - Stopped by Tuukka Rask with a rebound.
19:51 of 2nd period - Slapshot by Kyle Palmieri.
19:51 of 2nd period - Stopped by Tuukka Rask without a rebound.
19:52 of 2nd period - Radek Faksa wins face-off versus Reid Boucher in Penguins zone.
19:57 of 2nd period - Snap shot by Timo Meier.
19:57 of 2nd period - Stopped by Tuukka Rask without a rebound.
19:58 of 2nd period - Reid Boucher wins face-off versus Radek Faksa in Penguins zone.
Goals for this period are 0 for Islanders vs 1 for Penguins.
Shots for this period are 15 for Islanders vs 8 for Penguins.

3rd period


0:01 of 3rd period - Radek Faksa wins face-off versus Reid Boucher in neutral zone.
1:18 of 3rd period - Penalty to Adam Lowry is over, Adam Lowry is back on ice.
1:37 of 3rd period - Roman Polak is hit by Chris Mueller and loses puck.
1:49 of 3rd period - Icing by Miro Heiskanen.
1:50 of 3rd period - Nicklas Backstrom wins face-off versus Adam Lowry in Penguins zone.
1:51 of 3rd period - Backhand shot by Vladimir Tarasenko.
1:51 of 3rd period - Shot Misses the Net.
2:03 of 3rd period - Snap shot by Patric Hornqvist.
2:03 of 3rd period - Shot Misses the Net.
2:05 of 3rd period - Slapshot by Miro Heiskanen.
2:05 of 3rd period - Stopped by Corey Crawford with a rebound.
2:07 of 3rd period - Wrist shot by Adam Lowry.
2:07 of 3rd period - Stopped by Corey Crawford with a rebound.
2:09 of 3rd period - Slapshot by Brent Burns.
2:09 of 3rd period - Stopped by Corey Crawford with a rebound.
2:11 of 3rd period - Slapshot by Adam Lowry.
2:11 of 3rd period - Stopped by Corey Crawford with a rebound.
2:13 of 3rd period - Slapshot by Miro Heiskanen.
2:13 of 3rd period - Shot Misses the Net.
2:15 of 3rd period - Snap shot by Brent Burns.
2:15 of 3rd period - Shot Blocked by Nicklas Backstrom.
2:43 of 3rd period - Wrist shot by Vladimir Tarasenko.
2:43 of 3rd period - Stopped by Tuukka Rask without a rebound.
2:44 of 3rd period - Tyler Bozak wins face-off versus Markus Granlund in Penguins zone.
2:47 of 3rd period - Slapshot by Tyler Bozak.
2:47 of 3rd period - Stopped by Tuukka Rask without a rebound.
2:48 of 3rd period - Tyler Bozak wins face-off versus Auston Matthews in Penguins zone.
3:19 of 3rd period - Slapshot by Drake Batherson.
3:19 of 3rd period - Stopped by Tuukka Rask with a rebound.
3:21 of 3rd period - Wrist shot by Radek Faksa.
3:21 of 3rd period - Deflect By Marcus Foligno.
3:21 of 3rd period - Stopped by Tuukka Rask with a rebound.
3:58 of 3rd period - Wrist shot by Mikael Granlund.
3:58 of 3rd period - Shot Hit the Post.
4:00 of 3rd period - Wrist shot by Mikael Granlund.
4:00 of 3rd period - Stopped by Corey Crawford with a rebound.
4:12 of 3rd period - Slapshot by Tyler Bozak.
4:12 of 3rd period - Stopped by Tuukka Rask without a rebound.
4:13 of 3rd period - Adam Lowry wins face-off versus Tyler Bozak in Penguins zone.
4:17 of 3rd period - Icing by Patric Hornqvist.
4:18 of 3rd period - Adam Lowry wins face-off versus Tyler Bozak in Penguins zone.
4:33 of 3rd period - Wrist shot by Brent Burns.
4:33 of 3rd period - Stopped by Corey Crawford with a rebound.
4:35 of 3rd period - Snap shot by Adam Lowry.
4:35 of 3rd period - Shot Misses the Net.
5:06 of 3rd period - Snap shot by Patric Hornqvist.
5:06 of 3rd period - Stopped by Corey Crawford without a rebound.
5:07 of 3rd period - Nicklas Backstrom wins face-off versus Auston Matthews in Islanders zone.
5:14 of 3rd period - Wrist shot by Auston Matthews.
5:14 of 3rd period - Stopped by Corey Crawford with a rebound.
5:24 of 3rd period - Snap shot by Timo Meier.
5:24 of 3rd period - Shot Misses the Net.
5:35 of 3rd period - Off-side.
5:36 of 3rd period - Tim Schaller wins face-off versus Radek Faksa in neutral zone.
5:57 of 3rd period - Slapshot by Mathew Dumba.
5:57 of 3rd period - Shot Blocked by Markus Granlund.
7:06 of 3rd period - Wrist shot by Miro Heiskanen.
7:06 of 3rd period - Stopped by Corey Crawford without a rebound.
7:07 of 3rd period - Auston Matthews wins face-off versus Chris Mueller in Islanders zone.
7:22 of 3rd period - Snap shot by Chris Mueller.
7:22 of 3rd period - Shot Misses the Net.
7:24 of 3rd period - Slapshot by Mathew Dumba.
7:24 of 3rd period - Shot Blocked by Roman Polak.
7:26 of 3rd period - Snap shot by Brendan Leipsic.
7:26 of 3rd period - Shot Misses the Net.
8:00 of 3rd period - Wrist shot by Auston Matthews.
8:00 of 3rd period - Stopped by Corey Crawford with a rebound.
8:02 of 3rd period - Snap shot by Roman Polak.
8:02 of 3rd period - Shot Blocked by Jake Gardiner.
8:22 of 3rd period - Cole Schneider is hit by Markus Granlund and loses puck.
8:45 of 3rd period - Backhand shot by Chris Mueller.
8:45 of 3rd period - Shot Misses the Net.
9:15 of 3rd period - Evan McEneny is hit by Dmitry Orlov and loses puck.
9:52 of 3rd period - Snap shot by Auston Matthews.
9:52 of 3rd period - Shot Misses the Net.
9:58 of 3rd period - Snap shot by Brendan Leipsic.
9:58 of 3rd period - Deflect By Chris Mueller.
9:58 of 3rd period - Stopped by Tuukka Rask with a rebound.
10:28 of 3rd period - Snap shot by Mikael Granlund.
10:28 of 3rd period - Shot Misses the Net.
10:30 of 3rd period - Slapshot by Roman Polak.
10:30 of 3rd period - Stopped by Corey Crawford without a rebound.
10:31 of 3rd period - Adam Lowry wins face-off versus Nicklas Backstrom in Islanders zone.
10:32 of 3rd period - Snap shot by Patric Hornqvist.
10:32 of 3rd period - Stopped by Corey Crawford without a rebound.
10:33 of 3rd period - Nicklas Backstrom wins face-off versus Joel Armia in Islanders zone.
10:36 of 3rd period - Slapshot by Cale Makar.
10:36 of 3rd period - Shot Blocked by Vladimir Tarasenko.
11:23 of 3rd period - Backhand shot by Mikkel Boedker.
11:23 of 3rd period - Deflect By Brian Boyle.
11:23 of 3rd period - Deflect By Will Butcher.
11:23 of 3rd period - Stopped by Corey Crawford with a rebound.
11:25 of 3rd period - Slapshot by Cale Makar.
11:25 of 3rd period - Stopped by Corey Crawford with a rebound.
11:27 of 3rd period - Slapshot by Cale Makar.
11:27 of 3rd period - Shot Misses the Net.
11:29 of 3rd period - Slapshot by Cale Makar.
11:29 of 3rd period - Shot Blocked by Jordie Benn.
11:46 of 3rd period - Slapshot by Patric Hornqvist.
11:46 of 3rd period - Stopped by Corey Crawford with a rebound.
12:07 of 3rd period - Marcus Foligno is hit by Tyler Bozak and loses puck.
13:00 of 3rd period - Miro Heiskanen is hit by Alex Goligoski.
14:29 of 3rd period - Icing by James Neal.
14:30 of 3rd period - Adam Lowry wins face-off versus Radek Faksa in Islanders zone.
14:47 of 3rd period - Snap shot by Nicklas Backstrom.
14:47 of 3rd period - Shot Misses the Net.
15:26 of 3rd period - Snap shot by Vladimir Tarasenko.
15:26 of 3rd period - Stopped by Tuukka Rask with a rebound.
15:36 of 3rd period - Wrist shot by Radek Faksa.
15:36 of 3rd period - Stopped by Tuukka Rask without a rebound.
15:37 of 3rd period - Adam Lowry wins face-off versus Radek Faksa in Penguins zone.
15:48 of 3rd period - Snap shot by Drake Batherson.
15:48 of 3rd period - Deflect By James Neal.
15:48 of 3rd period - Shot Misses the Net.
15:48 of 3rd period - Puck is out of play.
15:49 of 3rd period - Brian Boyle wins face-off versus Radek Faksa in Penguins zone.
15:57 of 3rd period - Minor Penalty to Radek Faksa for Hooking.
15:58 of 3rd period - James Neal wins face-off versus Auston Matthews in Islanders zone.
16:31 of 3rd period - Slapshot by Brent Burns.
16:31 of 3rd period - Deflect By Brandon Saad.
16:31 of 3rd period - Stopped by Corey Crawford without a rebound.
16:32 of 3rd period - Mikael Granlund wins face-off versus Drake Batherson in Islanders zone.
17:35 of 3rd period - Patric Hornqvist is hit by Jordie Benn and loses puck.
17:57 of 3rd period - Penalty to Radek Faksa is over, Radek Faksa is back on ice.
18:06 of 3rd period - Wrist shot by Nicklas Backstrom.
18:06 of 3rd period - Shot Misses the Net.
18:51 of 3rd period - Icing by Adam Lowry.
18:52 of 3rd period - Adam Lowry wins face-off versus Nicklas Backstrom in Penguins zone.
19:00 of 3rd period - Minor Penalty to Jordie Benn for Holding.
19:01 of 3rd period - Radek Faksa wins face-off versus Auston Matthews in Islanders zone.
19:17 of 3rd period - Snap shot by Patric Hornqvist.
19:17 of 3rd period - Stopped by Corey Crawford with a rebound.
19:38 of 3rd period - Drake Batherson is hit by Brent Burns and loses puck.
Goals for this period are 0 for Islanders vs 0 for Penguins.
Shots for this period are 8 for Islanders vs 17 for Penguins.